[Event "Titled Tuesday Blitz September 13 Late 2022"]
[White "Hjartarson, Johann"]
[Black "Vasquez Schroeder, Rodrigo"]
[WhiteFideId "2300044"]
[BlackFideId "3400042"]
[WhiteElo "2458"]
[BlackElo "2577"]
[Result "0-1"]
[Round "10"]
[TimeControl "180+1"]
[Date "2022.09.13"]
[WhiteClock "0:00:01"]
[BlackClock "0:00:33"]

1. e4 c5 2. Nf3 d6 3. d4 cxd4 4. Nxd4 Nf6 5. Nc3 a6 6. f4 Qc7 7. Be2 e6 8. O-O Be7 9. a4 Nc6 10. Kh1 O-O 11. Be3 Re8 12. Bf3 Na5 13. Qd3 Bd7 14. Rad1 Rac8 15. Nde2 Nc4 16. Bc1 b5 17. axb5 axb5 18. b3 b4 19. Na2 Na5 20. Nxb4 d5 21. Bd2 Qb7 22. exd5 Bxb4 23. dxe6 Bc6 24. exf7+ Kxf7 25. Bxb4 Qxb4 26. Nd4 Bd7 27. Qa6 Kg8 28. f5 Qc5 29. c4 Nc6 30. Nb5 Nb8 31. Qb7 Bxb5 32. cxb5 Rc7 33. Qa8 Qxb5 34. Rfe1 Rcc8 35. h3 h6 36. Qa2 Kh7 37. Qb1 Nc6 38. Re6 Nb4 39. Qa1 Qxf5 40. Rxe8 Rxe8 41. Qa4 Rb8 42. Rf1 Qe5 43. Qa7 Kh8 44. Qa4 Nd3 45. Qc4 Qe3 46. Kh2 Qf4+ 47. Qxf4 Nxf4 48. Bd1 Nd3 0-1


[Site "https://www.chess.com"]

[Event "Titled Tuesday Blitz September 13 Late 2022"]
[White "Ivic, Velimir"]
[Black "Preotu, Razvan"]
[WhiteFideId "950122"]
[BlackFideId "2613280"]
[WhiteElo "2625"]
[BlackElo "2407"]
[Result "0-1"]
[Round "10"]
[TimeControl "180+1"]
[Date "2022.09.13"]
[WhiteClock "0:01:45"]
[BlackClock "0:00:45"]

1. Nf3 c5 2. g3 Nc6 3. Bg2 e5 4. O-O d5 5. d3 Be7 6. e3 h5 7. c4 dxc4 8. dxc4 Qxd1 9. Rxd1 h4 10. Nc3 h3 11. Bh1 Bg4 12. b3 Nf6 13. Bb2 e4 14. Ng5 Bxd1 15. Rxd1 Rd8 16. Rxd8+ Nxd8 17. Ngxe4 Nxe4 18. Bxe4 Bf6 19. f4 Kd7 20. g4 g6 21. g5 Bxc3 22. Bxc3 Re8 23. Be5 Nc6 24. Bxc6+ Kxc6 25. Kf2 Rd8 26. Ke2 a6 27. Bf6 Rd7 28. e4 b5 29. f5 bxc4 30. bxc4 Rb7 31. e5 gxf5 32. e6 fxe6 33. g6 Kd6 34. g7 Rb8 35. Kf3 e5 36. Kg3 Ke6 37. Bg5 Rg8 38. Bh6 Kf6 39. Kxh3 Kg6 40. Be3 Rxg7 41. Bxc5 Rc7 42. Bd6 Rxc4 43. Bxe5 Ra4 44. Kg3 Rxa2 45. h4 0-1


[Site "https://www.chess.com"]

[Event "Titled Tuesday Blitz September 13 Late 2022"]
[White "Keymer, Vincent"]
[Black "Bluebaum, Matthias"]
[WhiteFideId "12940690"]
[BlackFideId "24651516"]
[WhiteElo "2585"]
[BlackElo "2633"]
[Result "1-0"]
[Round "10"]
[TimeControl "180+1"]
[Date "2022.09.13"]
[WhiteClock "0:00:19"]
[BlackClock "0:00:10"]

1. Nf3 d5 2. e3 c5 3. b3 Nf6 4. Bb2 g6 5. c4 dxc4 6. bxc4 Bg7 7. Be2 O-O 8. O-O b6 9. a4 Nc6 10. d3 Bb7 11. Nbd2 Qc7 12. h3 Rfd8 13. Qb3 Ne8 14. Bxg7 Nxg7 15. Rfd1 Rd7 16. Ne4 Na5 17. Qc2 Bxe4 18. dxe4 Rad8 19. Rd5 e6 20. Rxd7 Rxd7 21. e5 Nc6 22. Qe4 Nf5 23. Qf4 Nfe7 24. g4 Nc8 25. h4 Qd8 26. Ng5 Kg7 27. Bf3 Nb4 28. Be4 h6 29. Qxf7+ Rxf7 30. Nxe6+ Kg8 31. Nxd8 Re7 32. f4 g5 33. hxg5 hxg5 34. Nc6 Nxc6 35. Bxc6 gxf4 36. exf4 Rg7 37. g5 Ne7 38. Bd5+ Kf8 39. Kf2 Rh7 40. Rh1 Nxd5 41. Rxh7 Nxf4 42. Ke3 Ng6 43. Ke4 a6 44. Rb7 b5 45. cxb5 axb5 46. a5 Ne7 47. a6 Nc6 48. Rxb5 Ke7 49. Rxc5 Na7 50. Rc7+ Ke6 51. g6 Nb5 52. Rc6+ Ke7 53. g7 Nc3+ 54. Rxc3 Kf7 55. Rc7+ Kg6 56. a7 Kh5 57. g8=Q Kh4 58. Rh7# 1-0


[Site "https://www.chess.com"]

[Event "Titled Tuesday Blitz September 13 Late 2022"]
[White "Kobo, Ori"]
[Black "Domalchuk-Jonasson, Aleksandr"]
[WhiteFideId "2812320"]
[BlackFideId "14142805"]
[WhiteElo "2420"]
[BlackElo "1991"]
[Result "0-1"]
[Round "10"]
[TimeControl "180+1"]
[Date "2022.09.13"]
[WhiteClock "0:00:03"]
[BlackClock "0:00:08"]

1. Nf3 d5 2. e3 Nf6 3. c4 e6 4. b3 Be7 5. Bb2 O-O 6. Nc3 c5 7. cxd5 exd5 8. d4 Nc6 9. Be2 b6 10. O-O Bb7 11. Rc1 Rc8 12. dxc5 bxc5 13. Na4 Ne4 14. Nd2 Nb8 15. Bg4 f5 16. Bf3 Nd7 17. Qc2 Nb6 18. Nc3 Bf6 19. Rfd1 Qe7 20. Ne2 d4 21. Nf1 Nd5 22. Qc4 Kh8 23. exd4 Nb4 24. Qb5 Nd6 25. Qa5 Bxf3 26. gxf3 Qxe2 27. dxc5 Bxb2 28. Rd2 Qe5 29. Rb1 Bc3 30. Rxd6 Qxc5 31. Qxc5 Rxc5 32. a3 Nc2 33. b4 Rc7 34. Rb3 Nd4 35. Rb1 Nb5 36. Rd5 Nxa3 37. Rb3 Nc2 38. b5 Rfc8 39. Rxf5 g6 40. Rf4 Nd4 41. Ra3 Ne2+ 42. Kg2 Nxf4+ 0-1


[Site "https://www.chess.com"]

[Event "Titled Tuesday Blitz September 13 Late 2022"]
[White "Kravtsiv, Martyn"]
[Black "Sarana, Alexey"]
[WhiteFideId "14113147"]
[BlackFideId "24133795"]
[WhiteElo "2694"]
[BlackElo "2689"]
[Result "1-0"]
[Round "10"]
[TimeControl "180+1"]
[Date "2022.09.13"]
[WhiteClock "0:00:10"]
[BlackClock "0:00:01"]

1. e4 c5 2. Nf3 d6 3. Bb5+ Nd7 4. d4 cxd4 5. Qxd4 a6 6. Bxd7+ Bxd7 7. O-O e5 8. Qd3 Rc8 9. c4 b5 10. Na3 Qb6 11. Bd2 Nf6 12. cxb5 axb5 13. Rac1 Rxc1 14. Rxc1 Be7 15. Bb4 Bc6 16. Bxd6 Nxe4 17. Bxe7 Kxe7 18. Nxe5 Ba8 19. Qd7+ Kf6 20. Ng4+ Kg6 21. Qxb5 Qe6 22. Ne5+ Kh6 23. h3 f6 24. Ng4+ Kg6 25. Qd3 h5 26. Ne3 Kh6 27. Nac4 Rc8 28. b3 Rc5 29. f3 Ng3 30. Qd2 Kh7 31. Re1 h4 32. Qd4 Rh5 33. Kf2 Qf7 34. Rd1 Qg6 35. Qd3 f5 36. Qd6 Qg5 37. Qd3 Qf4 38. Qd4 Ne4+ 39. Kg1 Rg5 40. fxe4 Bxe4 41. Rf1 Qg3 42. Rf2 Rg6 43. Ne5 1-0


[Site "https://www.chess.com"]

[Event "Titled Tuesday Blitz September 13 Late 2022"]
[White "Leitao, Rafael"]
[Black "Putnam, Liam"]
[WhiteFideId "2101246"]
[BlackFideId "30938279"]
[WhiteElo "2609"]
[BlackElo "2031"]
[Result "1/2-1/2"]
[Round "10"]
[TimeControl "180+1"]
[Date "2022.09.13"]
[WhiteClock "0:00:15"]
[BlackClock "0:01:02"]

1. c4 e5 2. Nc3 Nc6 3. Nf3 f6 4. d4 exd4 5. Nxd4 Bb4 6. e4 Bxc3+ 7. bxc3 d6 8. Qh5+ g6 9. Qh4 Qe7 10. Be2 f5 11. Qxe7+ Ngxe7 12. Nb5 Kd8 13. c5 a6 14. cxd6 axb5 15. dxe7+ Kxe7 16. exf5 Bxf5 17. Bxb5 Ra5 18. a4 Rha8 19. O-O Kf7 20. c4 Nd4 21. Bd2 R5a7 22. Be3 Nxb5 23. cxb5 Rxa4 24. Rxa4 Rxa4 25. Rc1 c6 26. bxc6 bxc6 27. Rxc6 Ra1+ 28. Bc1 Be4 29. Rc3 Ke6 30. f3 Bd5 31. Kf2 Kf5 32. h4 Ra4 33. g4+ Ke6 34. Kg3 Rc4 35. Re3+ Kf7 36. Bb2 Rb4 37. Be5 Rb3 38. Bc3 Be6 39. Kf4 h6 40. h5 g5+ 41. Kg3 Ra3 42. Bd4 Rxe3 43. Bxe3 Bd7 44. f4 gxf4+ 45. Bxf4 Kg7 46. g5 hxg5 47. Bxg5 Kh7 48. h6 Kg6 49. h7 Kxh7 1/2-1/2


[Site "https://www.chess.com"]

[Event "Titled Tuesday Blitz September 13 Late 2022"]
[White "Lenderman, Aleksandr"]
[Black "Xiong, Jeffery"]
[WhiteFideId "2021285"]
[BlackFideId "2047640"]
[WhiteElo "2607"]
[BlackElo "2714"]
[Result "1-0"]
[Round "10"]
[TimeControl "180+1"]
[Date "2022.09.13"]
[WhiteClock "0:02:05"]
[BlackClock "0:00:47"]

1. e4 e6 2. Nf3 d5 3. exd5 exd5 4. d4 Bd6 5. c4 Nf6 6. c5 Be7 7. Bd3 O-O 8. O-O b6 9. Be3 bxc5 10. dxc5 a5 11. Re1 Ba6 12. Nc3 Bxd3 13. Qxd3 Na6 14. Rad1 c6 15. Nd4 Qc7 16. Nf5 Bxc5 17. Bd4 Bxd4 18. Qxd4 Rfe8 19. a3 Rad8 20. Qh4 Rxe1+ 21. Rxe1 Re8 22. Rxe8+ Nxe8 23. Qe7 Qb8 24. Qd7 Nf6 25. Qxc6 Qxb2 26. Qc8+ 1-0


[Site "https://www.chess.com"]

[Event "Titled Tuesday Blitz September 13 Late 2022"]
[White "Lin, Dachey"]
[Black "Arnold, Ken"]
[WhiteFideId "2029650"]
[BlackFideId "2056836"]
[WhiteElo "2313"]
[BlackElo "2474"]
[Result "1-0"]
[Round "10"]
[TimeControl "180+1"]
[Date "2022.09.13"]
[WhiteClock "0:01:15"]
[BlackClock "0:00:07"]

1. g4 d5 2. Bg2 c6 3. g5 e5 4. d4 e4 5. f3 Be7 6. h4 h6 7. fxe4 hxg5 8. exd5 Rxh4 9. c4 Rxh1 10. Bxh1 g4 11. Nc3 Bb4 12. Bg2 Qh4+ 13. Kd2 Qf2 14. Be4 Qxd4+ 15. Bd3 Nf6 16. Kc2 Na6 17. a3 Bc5 18. e3 Qe5 19. Nge2 Bf5 20. e4 Bxe4 21. Bf4 Qf5 22. Nxe4 Nxe4 23. Qh1 cxd5 24. cxd5 Rc8 25. Qxe4+ Qxe4 26. Bxe4 Bxa3+ 27. Kb1 Be7 28. Bf5 Rc5 29. Bxg4 Rxd5 30. Bf3 Rd1+ 31. Nc1 Nb4 32. Bxd1 1-0


[Site "https://www.chess.com"]

[Event "Titled Tuesday Blitz September 13 Late 2022"]
[White "Makarian, Rudik"]
[Black "Kamsky, Gata"]
[WhiteFideId "44105681"]
[BlackFideId "2000024"]
[WhiteElo "2410"]
[BlackElo "2666"]
[Result "1/2-1/2"]
[Round "10"]
[TimeControl "180+1"]
[Date "2022.09.13"]
[WhiteClock "0:00:11"]
[BlackClock "0:00:19"]

1. d4 Nf6 2. Bg5 d5 3. e3 Ne4 4. Bf4 Bf5 5. Nd2 e6 6. f3 Nxd2 7. Qxd2 Bd6 8. g4 Bxf4 9. gxf5 Qh4+ 10. Qf2 Qxf2+ 11. Kxf2 Bd6 12. fxe6 fxe6 13. f4 c5 14. c3 Ke7 15. Nf3 Nd7 16. Rg1 g6 17. Bd3 cxd4 18. cxd4 Nf6 19. Rac1 Rac8 20. Ke2 Rc6 21. Rxc6 bxc6 22. Rc1 Rc8 23. Ne5 c5 24. Ba6 Rc7 25. dxc5 Rxc5 26. Rxc5 Bxc5 27. Bd3 Nd7 28. Nf3 Bd6 29. Nd4 Bc5 30. b4 Bb6 31. a4 e5 32. fxe5 Nxe5 33. Bb5 Kd6 34. Be8 a5 35. bxa5 Bxa5 36. Nb3 Bb6 37. a5 Ba7 38. Nd4 Kc5 39. Ne6+ Kb4 40. Nf4 d4 41. exd4 Bxd4 42. a6 Ka5 43. Ne6 Bg1 44. Nf8 1/2-1/2


[Site "https://www.chess.com"]

[Event "Titled Tuesday Blitz September 13 Late 2022"]
[White "Maltsevskaya, Aleksandra"]
[Black "Ekdyshman, Mikhail"]
[WhiteFideId "24174041"]
[BlackFideId "4149416"]
[WhiteElo "2243"]
[BlackElo "2146"]
[Result "1-0"]
[Round "10"]
[TimeControl "180+1"]
[Date "2022.09.13"]
[WhiteClock "0:00:47"]
[BlackClock "0:00:02"]

1. e4 c5 2. Nf3 Nf6 3. Nc3 d5 4. exd5 Nxd5 5. d4 Nxc3 6. bxc3 e6 7. Bd3 Nc6 8. O-O Be7 9. Qe2 O-O 10. Rd1 Bf6 11. Rb1 Qa5 12. Rb5 Qxa2 13. Rxc5 g6 14. h4 Ne7 15. Bg5 Bxg5 16. Nxg5 b6 17. Rc7 Nd5 18. Qe5 Nxc7 19. Qxc7 Ba6 20. Ne4 Bxd3 21. Nf6+ Kg7 22. Qe5 Rfd8 23. Rxd3 Kf8 24. Nxh7+ Ke8 25. Rf3 Qa3 26. Qh8+ Kd7 27. Rxf7+ Kc6 28. Qg7 Qd6 29. Ng5 a5 30. Ne4 Qb8 31. c4 Re8 32. d5+ 1-0


[Site "https://www.chess.com"]

[Event "Titled Tuesday Blitz September 13 Late 2022"]
[White "Melian, Juan Sebastian"]
[Black "Barria Zuniga, Daniel"]
[WhiteFideId "3706575"]
[BlackFideId "3400816"]
[WhiteElo "1851"]
[BlackElo "2414"]
[Result "0-1"]
[Round "10"]
[TimeControl "180+1"]
[Date "2022.09.13"]
[WhiteClock "0:01:07"]
[BlackClock "0:01:34"]

1. d4 g6 2. e4 Bg7 3. Nf3 c5 4. c3 cxd4 5. cxd4 d5 6. exd5 Nf6 7. Nc3 Nxd5 8. Qb3 Nxc3 9. bxc3 O-O 10. Be2 Nc6 11. O-O b6 12. Rd1 Bb7 13. Ba3 Rc8 14. Qa4 a6 15. Nd2 b5 16. Qb3 Re8 17. Bc5 e5 18. Ne4 Na5 19. Qb1 Bxe4 20. Qxe4 exd4 0-1


[Site "https://www.chess.com"]

[Event "Titled Tuesday Blitz September 13 Late 2022"]
[White "Mikhailov, Viacheslav"]
[Black "Zhigalko, Sergei"]
[WhiteFideId "4187369"]
[BlackFideId "13502956"]
[WhiteElo "2381"]
[BlackElo "2662"]
[Result "0-1"]
[Round "10"]
[TimeControl "180+1"]
[Date "2022.09.13"]
[WhiteClock "0:00:03"]
[BlackClock "0:00:12"]

1. Nf3 d5 2. g3 c6 3. Bg2 Bg4 4. O-O Nd7 5. d4 Ngf6 6. c4 e6 7. Nc3 Be7 8. h3 Bh5 9. g4 Bg6 10. Bf4 O-O 11. Qb3 Qb6 12. c5 Qa6 13. Rfe1 b6 14. cxb6 axb6 15. Ne5 Nxe5 16. Bxe5 Nd7 17. Bg3 b5 18. e3 Nb6 19. Ne2 h6 20. Nf4 Bh7 21. Nd3 Nc4 22. Ne5 Rfc8 23. Rec1 Bd6 24. Qc3 b4 25. Qb3 Bxe5 26. Bxe5 c5 27. Bf1 Qb7 28. Bg3 Nd2 29. Qd1 Nxf1 30. Qxf1 c4 31. Bd6 c3 32. bxc3 bxc3 33. Bc5 c2 34. a4 Ra5 35. Qe1 Rca8 36. Qc3 Rxa4 37. Rxa4 Rxa4 38. Ba3 Rc4 39. Qa5 Be4 40. Qd8+ Kh7 41. Bf8 Qb1 42. Ba3 Qb3 43. Qf8 Ra4 44. Bd6 Qb2 45. Be5 Qxc1+ 46. Kh2 Qh1+ 47. Kg3 Qf3+ 48. Kh4 g5+ 49. Kh5 Qxh3# 0-1


[Site "https://www.chess.com"]

[Event "Titled Tuesday Blitz September 13 Late 2022"]
[White "Mirzoev, Azer"]
[Black "Besedes, Danilo"]
[WhiteFideId "13400304"]
[BlackFideId "946796"]
[WhiteElo "2525"]
[BlackElo "2352"]
[Result "1-0"]
[Round "10"]
[TimeControl "180+1"]
[Date "2022.09.13"]
[WhiteClock "0:00:02"]
[BlackClock "0:00:46"]

1. c4 Nf6 2. Nc3 e6 3. d4 Bb4 4. Qb3 c5 5. dxc5 Bxc5 6. Nf3 b6 7. Bg5 Bb7 8. e3 h6 9. Bh4 O-O 10. Be2 Nc6 11. O-O Qc8 12. Bxf6 gxf6 13. Rfd1 Ne5 14. Nd4 Kh8 15. Rac1 Rg8 16. g3 f5 17. Na4 Bf8 18. Qc3 Bg7 19. c5 Qd8 20. Qb3 Bd5 21. Qa3 bxc5 22. Nxc5 Bf8 23. Nxf5 Qf6 24. Rxd5 exd5 25. Nd4 Qb6 26. Qc3 Rc8 27. b4 d6 28. Nf3 Bg7 29. Nxe5 Bxe5 30. Qb3 dxc5 31. Qxd5 Qd6 32. Qe4 cxb4 33. Rd1 Qe7 34. Rd5 Bf6 35. Qf5 Bg7 36. Bd3 1-0


[Site "https://www.chess.com"]

[Event "Titled Tuesday Blitz September 13 Late 2022"]
[White "Nasuta, Grzegorz"]
[Black "Aldokhin, Ivan"]
[WhiteFideId "1141686"]
[BlackFideId "24115720"]
[WhiteElo "2354"]
[BlackElo "2243"]
[Result "0-1"]
[Round "10"]
[TimeControl "180+1"]
[Date "2022.09.13"]
[WhiteClock "0:00:40"]
[BlackClock "0:00:08"]

1. e4 c5 2. Nf3 e6 3. d4 cxd4 4. Nxd4 a6 5. a3 Nf6 6. Nc3 Qc7 7. Be3 d6 8. f4 b5 9. g4 Bb7 10. Bd3 Nc6 11. Nxc6 Bxc6 12. g5 Nd7 13. Qg4 Be7 14. h4 Qb7 15. Bd4 b4 16. Ne2 Bxe4 17. Bxe4 Qxe4 18. O-O-O Rc8 19. c3 b3 20. Kd2 e5 21. Be3 Rd8 22. Ng3 Qc2+ 23. Ke1 exf4 24. Bxf4 O-O 25. Nf5 Rfe8 26. Rh2 Bf8+ 27. Kf1 Qe4 28. Ng3 Qc4+ 29. Kg1 Ne5 30. Bxe5 Qxg4 31. Rd4 Qf3 32. Rf2 Qxf2+ 33. Kxf2 dxe5 34. Ra4 Bc5+ 35. Kf3 Rd3+ 36. Ke4 Rxg3 37. Kd5 Bg1 38. Kc6 Rf8 39. Kb7 Rg2 40. Rxa6 Rxb2 41. Kc7 Rb1 42. Kc6 b2 43. Rb6 Be3 44. Rxb2 Rxb2 45. Kd5 Ra2 46. Ke4 Bd2 47. Kd3 Bxc3 48. Kc4 Rxa3 49. Kb5 Ra5+ 50. Kc6 Rc8+ 51. Kd7 Rac5 52. g6 hxg6 53. h5 gxh5 54. Kd6 h4 55. Kd7 h3 56. Kd6 h2 57. Kd7 h1=Q 58. Kd6 Qc6+ 0-1


[Site "https://www.chess.com"]

[Event "Titled Tuesday Blitz September 13 Late 2022"]
[White "Papasimakopoulos, Alexandros"]
[Black "Ibarra Jerez, Jose Carlos"]
[WhiteFideId "4244125"]
[BlackFideId "2226332"]
[WhiteElo "2357"]
[BlackElo "2627"]
[Result "0-1"]
[Round "10"]
[TimeControl "180+1"]
[Date "2022.09.13"]
[WhiteClock "0:00:02"]
[BlackClock "0:00:03"]

1. d4 Nf6 2. c4 d6 3. Nf3 g6 4. Nc3 Bf5 5. Nh4 Bd7 6. e4 e5 7. Nf3 exd4 8. Nxd4 Bg7 9. Be2 O-O 10. O-O Re8 11. f3 Nc6 12. Be3 Nh5 13. Qd2 Nxd4 14. Bxd4 Nf4 15. Be3 Nxe2+ 16. Nxe2 f5 17. Ng3 Qf6 18. Rab1 Qf7 19. b3 fxe4 20. fxe4 Qe6 21. Bd4 Bxd4+ 22. Qxd4 Bc6 23. Rf4 Qe5 24. Qxe5 Rxe5 25. Rbf1 Rae8 26. Rf7 R5e7 27. Rxe7 Rxe7 28. Re1 a5 29. Kf2 Kg7 30. Ke3 Kf6 31. Kd4 Kg5 32. Re3 h5 33. Ne2 h4 34. g3 h3 35. Nf4 Bd7 36. e5 Bf5 37. e6 Kg4 38. Nd5 c5+ 39. Kc3 Rxe6 40. Kd2 Rxe3 41. Kxe3 Bb1 42. Nc3 Bc2 43. Nb5 b6 44. Nc3 Kf5 45. Nb5 Ke5 46. Nc3 g5 47. Kd2 Be4 48. Ke3 Bc6 49. g4 Bd7 50. Ne4 Bxg4 51. Nxg5 Bf5 52. Kd2 Kf4 53. Nf7 Kf3 54. Nxd6 Bg6 55. Nc8 Kg2 56. Ke1 Bb1 57. Nxb6 Bxa2 58. Nd7 Bxb3 59. Nxc5 Bxc4 60. Na4 Bb5 61. Nc3 Ba6 62. Nd5 a4 63. Nf4+ Kxh2 64. Kf2 a3 0-1


[Site "https://www.chess.com"]

[Event "Titled Tuesday Blitz September 13 Late 2022"]
[White "Pranav, V"]
[Black "Naroditsky, Daniel"]
[WhiteFideId "25060783"]
[BlackFideId "2026961"]
[WhiteElo "2390"]
[BlackElo "2628"]
[Result "1-0"]
[Round "10"]
[TimeControl "180+1"]
[Date "2022.09.13"]
[WhiteClock "0:00:10"]
[BlackClock "0:00:08"]

1. e4 c5 2. Nf3 Nf6 3. Nc3 d5 4. Bb5+ Bd7 5. e5 Bxb5 6. Nxb5 Qd7 7. a4 a6 8. Nc3 Ne4 9. O-O Nc6 10. Re1 Nxc3 11. bxc3 e6 12. d3 Be7 13. h4 h6 14. h5 O-O 15. Qe2 b5 16. Bf4 f5 17. exf6 Bxf6 18. axb5 axb5 19. Rxa8 Rxa8 20. Qxe6+ Qxe6 21. Rxe6 Rc8 22. Bd2 b4 23. cxb4 Nxb4 24. Ne1 Ra8 25. c3 Na2 26. c4 dxc4 27. dxc4 Ra4 28. Rc6 Rxc4 29. Bxh6 Nb4 30. Rc8+ Kh7 31. Be3 Nd5 32. Bd2 Ne7 33. Rc7 Nd5 34. Rd7 Nf4 35. g4 Ne6 36. f3 Ra4 37. Kf1 c4 38. Rd6 Nc5 39. g5 Be7 40. g6+ Kg8 41. Rc6 Nd7 42. Rc7 1-0


[Site "https://www.chess.com"]

[Event "Titled Tuesday Blitz September 13 Late 2022"]
[White "Sadhwani, Raunak"]
[Black "Livaic, Leon"]
[WhiteFideId "35093487"]
[BlackFideId "14531534"]
[WhiteElo "2656"]
[BlackElo "2540"]
[Result "1-0"]
[Round "10"]
[TimeControl "180+1"]
[Date "2022.09.13"]
[WhiteClock "0:02:19"]
[BlackClock "0:01:30"]

1. Nf3 Nf6 2. c4 b6 3. g3 c5 4. Bg2 Bb7 5. O-O g6 6. Nc3 Bg7 7. d4 cxd4 8. Qxd4 d6 9. Rd1 Nbd7 10. b3 Rc8 11. Bb2 a6 12. Qe3 O-O 13. h3 Ne4 14. Rac1 Nxc3 15. Bxc3 Bxc3 16. Rxc3 Nf6 17. a4 Qc7 18. Rcd3 Rfe8 19. Rd4 Qc5 20. Qd2 Bxf3 21. Bxf3 Rc7 22. h4 a5 23. h5 Nxh5 24. Rd5 Qb4 25. Qxb4 axb4 26. Bxh5 gxh5 27. Rb5 Rc5 28. Rxb6 1-0


[Site "https://www.chess.com"]

[Event "Titled Tuesday Blitz September 13 Late 2022"]
[White "Shimanov, Aleksandr"]
[Black "Jobava, Baadur"]
[WhiteFideId "4198603"]
[BlackFideId "13601520"]
[WhiteElo "2605"]
[BlackElo "2582"]
[Result "0-1"]
[Round "10"]
[TimeControl "180+1"]
[Date "2022.09.13"]
[WhiteClock "0:00:13"]
[BlackClock "0:00:48"]

1. e4 e5 2. Nf3 Nf6 3. Nc3 d6 4. Bc4 Be7 5. d3 c6 6. a4 O-O 7. O-O a5 8. h3 Na6 9. Re1 Nb4 10. Bb3 Nd7 11. Be3 Re8 12. Ne2 Na6 13. c3 Nac5 14. Ba2 Nf8 15. Ng3 Be6 16. d4 Bxa2 17. Rxa2 Ncd7 18. Nf5 Ng6 19. Qb3 Qc7 20. Raa1 Bf8 21. Ng5 Nf6 22. dxe5 Nxe5 23. Bb6 Qd7 24. Rad1 Nxe4 25. Nxe4 Qxf5 26. Bd4 Qg6 27. Ng3 Re7 28. Bxe5 dxe5 29. Rd2 Rae8 30. Qb6 e4 31. Nf1 h5 32. Red1 h4 33. Rd8 f5 34. Qxa5 f4 35. Nh2 e3 36. fxe3 fxe3 37. Nf3 Qg3 38. Rxe8 Rxe8 39. Qf5 Qf2+ 40. Kh1 e2 41. Re1 Qf1+ 0-1


[Site "https://www.chess.com"]

[Event "Titled Tuesday Blitz September 13 Late 2022"]
[White "Shirov, Alexei"]
[Black "Sjugirov, Sanan"]
[WhiteFideId "2209390"]
[BlackFideId "4189302"]
[WhiteElo "2678"]
[BlackElo "2609"]
[Result "0-1"]
[Round "10"]
[TimeControl "180+1"]
[Date "2022.09.13"]
[WhiteClock "0:00:33"]
[BlackClock "0:00:29"]

1. e4 c6 2. d4 d5 3. e5 Bf5 4. h4 h5 5. Bd3 Bxd3 6. Qxd3 Qa5+ 7. Nd2 e6 8. Nf3 Ne7 9. O-O Nf5 10. Nb3 Qa6 11. Qd1 b6 12. Bg5 c5 13. c3 Nc6 14. a4 c4 15. Nc1 Be7 16. Ne2 Bxg5 17. Nxg5 Nxh4 18. Nf4 g6 19. f3 Qb7 20. Qd2 Qe7 21. Nfh3 Nf5 22. Qf4 h4 23. Rfe1 Rh5 24. Qg4 Na5 25. Re2 Nb3 26. Rae1 a6 27. Rf2 b5 28. Ne4 dxe4 29. fxe4 Ng3 30. Rf6 O-O-O 31. Re3 Nxd4 32. cxd4 Rxd4 33. Kh2 Rxe5 34. Qf4 Rexe4 35. Rxe4 Rxe4 36. Qf3 Qd6 37. Rxf7 Nf5+ 38. Kh1 Re1+ 39. Ng1 Ng3+ 40. Kh2 Ne2+ 41. g3 Qxg3+ 0-1


[Site "https://www.chess.com"]

[Event "Titled Tuesday Blitz September 13 Late 2022"]
[White "Silva Lucena, Cristian"]
[Black "Bilan, Danila"]
[WhiteFideId "2232588"]
[BlackFideId "24161918"]
[WhiteElo "2223"]
[BlackElo "2164"]
[Result "0-1"]
[Round "10"]
[TimeControl "180+1"]
[Date "2022.09.13"]
[WhiteClock "0:00:08"]
[BlackClock "0:00:07"]

1. Nf3 d5 2. c4 c6 3. g3 Nf6 4. Bg2 Bf5 5. O-O e6 6. b3 h6 7. Bb2 Nbd7 8. Nc3 Bc5 9. Rc1 O-O 10. e3 Bd3 11. Re1 dxc4 12. bxc4 Bxc4 13. Na4 b5 14. Nxc5 Nxc5 15. Ne5 Nd3 16. Nxd3 Qxd3 17. Bf1 Qd5 18. Bxc4 bxc4 19. Bxf6 gxf6 20. Qg4+ Kh7 21. Qxc4 Qxd2 22. Re2 Qd5 23. e4 Qh5 24. Rec2 Rfc8 25. Qd4 Rd8 26. Qxf6 Rd1+ 27. Kg2 Rxc1 28. Rxc1 Rc8 29. Rc3 Qg6 30. Qf4 c5 31. Qe3 Qf6 32. e5 Qe7 33. h4 c4 34. Qe4+ Kg7 35. Rxc4 Rxc4 36. Qxc4 Qb7+ 37. Kh2 Qb2 38. Qg4+ Kf8 39. Qf4 Qxa2 40. Qxh6+ Ke8 41. Qf6 Qe2 42. Kh3 a5 43. g4 a4 44. h5 a3 45. h6 a2 46. h7 Qd3+ 47. Kg2 Qxh7 0-1


[Site "https://www.chess.com"]

[Event "Titled Tuesday Blitz September 13 Late 2022"]
[White "Sivakumar, Shaaketh"]
[Black "Indjic, Aleksandar"]
[WhiteFideId "30940176"]
[BlackFideId "911925"]
[WhiteElo "1799"]
[BlackElo "2592"]
[Result "0-1"]
[Round "10"]
[TimeControl "180+1"]
[Date "2022.09.13"]
[WhiteClock "0:00:32"]
[BlackClock "0:00:44"]

1. d4 Nf6 2. Bf4 c5 3. d5 g6 4. Nc3 Qa5 5. Bd2 Bg7 6. Nf3 O-O 7. e4 d6 8. Be2 a6 9. a4 Bg4 10. O-O Nbd7 11. Be3 Qb4 12. Nd2 Qxb2 13. Na2 Bxe2 14. Qxe2 Qb6 15. Rab1 Qc7 16. f3 b5 17. axb5 axb5 18. Nc3 b4 19. Nb5 Qb7 20. c3 Ra5 21. c4 Rfa8 22. f4 Ra2 23. Qf3 Ne8 24. e5 Nc7 25. Nxc7 Qxc7 26. Ne4 R8a3 27. e6 Rxe3 28. Qxe3 Bd4 29. Qxd4 cxd4 30. exd7 Qxd7 31. Rxb4 Qf5 32. Ng3 Qc2 0-1


[Site "https://www.chess.com"]

[Event "Titled Tuesday Blitz September 13 Late 2022"]
[White "Sliwicki, Damian"]
[Black "Tayar, Jonathan"]
[WhiteFideId "1127128"]
[BlackFideId "2606534"]
[WhiteElo "2135"]
[BlackElo "2413"]
[Result "0-1"]
[Round "10"]
[TimeControl "180+1"]
[Date "2022.09.13"]
[WhiteClock "0:00:07"]
[BlackClock "0:00:14"]

1. e4 c5 2. Nf3 d6 3. d4 Nf6 4. Nc3 cxd4 5. Qxd4 Nc6 6. Bb5 Bd7 7. Bxc6 Bxc6 8. Bg5 e6 9. O-O-O Be7 10. Rhe1 O-O 11. Kb1 e5 12. Qd3 Qb6 13. Bxf6 Bxf6 14. Qxd6 Qxf2 15. Nxe5 Rad8 16. Qc7 Rc8 17. Qd6 Rfd8 18. Nd3 Qb6 19. Qa3 Bxc3 20. Qxc3 Bxe4 21. Qe5 Bg6 22. Re2 h6 23. g4 Rc4 24. b3 Rxg4 25. h3 Rgd4 26. Rg2 R4d5 27. Qc3 Qd4 28. Qc7 R5d7 29. Qg3 Qc3 30. h4 a5 31. Rc1 Rxd3 32. Qf2 Rd2 33. Qb6 Bxc2+ 34. Rxc2 Qxc2+ 35. Ka1 Qc3+ 36. Kb1 Qc2+ 37. Ka1 Qc1# 0-1


[Site "https://www.chess.com"]

[Event "Titled Tuesday Blitz September 13 Late 2022"]
[White "Souleidis, Georgios"]
[Black "Matt, Fabian"]
[WhiteFideId "4206827"]
[BlackFideId "1623303"]
[WhiteElo "2401"]
[BlackElo "2287"]
[Result "1-0"]
[Round "10"]
[TimeControl "180+1"]
[Date "2022.09.13"]
[WhiteClock "0:00:37"]
[BlackClock "0:00:01"]

1. e4 e5 2. Nc3 Nc6 3. Bc4 Nf6 4. d3 Be7 5. f4 d6 6. Nf3 O-O 7. O-O Bg4 8. h3 Bxf3 9. Qxf3 Nd4 10. Qf2 c6 11. a3 d5 12. exd5 cxd5 13. Ba2 Bc5 14. Be3 Qe7 15. Na4 Ne2+ 16. Qxe2 exf4 17. Nxc5 fxe3 18. d4 Rac8 19. c3 Rfe8 20. Rae1 b6 21. Nd3 Qd6 22. Ne5 Ne4 23. Nxf7 Qg6 24. Bxd5 Nf6 1-0


[Site "https://www.chess.com"]